[ PARTIDA AOE2 · #495978761 ]
UnrankedVietnamitas vs Goths
Equipo del jugador · VICT
Equipo rival · DERR
[ ANÁLISIS DE REPETICIÓN · EXTRAÍDO DE LA PARTIDA GRABADA ]
Feudal
10:06
Castillos
19:51
Imperial
40:37
| APM promedio | 54.2 |
| APM pico | 82 |
| eAPM promedio | 28.4 |
| Aldeanos / militares | 178 / 71 |
Foco
⚔️ 33.6% · 🌾 66.4%
Fire Lancer ×32 · Knight ×17 · Archer ×10 · Monk ×6 · Trebuchet (Packed) ×4 · Mangonel ×2
Feudal
13:55
Castillos
28:48
Imperial
—
| APM promedio | 55.5 |
| APM pico | 94 |
| eAPM promedio | 24.3 |
| Aldeanos / militares | 141 / 109 |
Foco
⚔️ 31.4% · 🌾 68.6%
Knight ×60 · Skirmisher ×19 · Militia ×13 · Huskarl ×9 · Monk ×8
Mapa de la partida
Recursos iniciales + cada clic de construcción. Líneas = muros · curvas = relieve. ◆ oro · ⬟ piedra · ● bayas · ✦ reliquia · ◌ hueco del cierre
Tu base· Abierta — hueco de 4t
Base de 新竹· Abierta — flanco sin cerrar
Terreno inicial suavizado · ◌ = hueco del cierre detectado · pasá el cursor para detalles
Inputs por minuto
— vuppE - - 新竹
Build order — vuppE
Primeras 150 de 369 acciones detectadas
| 0:01 | Encolar | Villager (Male) ×4 |
| 0:02 | Construir | House |
| 0:02 | Construir | House |
| 1:28 | Encolar | Villager (Male) |
| 1:55 | Construir | Lumber Camp |
| 1:59 | Encolar | Villager (Male) |
| 2:17 | Encolar | Villager (Male) |
| 2:40 | Construir | House |
| 2:50 | Encolar | Villager (Male) |
| 2:51 | Encolar | Villager (Male) |
| 3:10 | Encolar | Villager (Male) |
| 3:37 | Encolar | Villager (Male) |
| 3:53 | Encolar | Villager (Male) |
| 4:13 | Encolar | Villager (Male) |
| 4:48 | Encolar | Villager (Male) |
| 5:05 | Construir | House |
| 5:18 | Construir | House |
| 5:19 | Construir | Palisade Wall |
| 5:25 | Encolar | Villager (Male) |
| 5:50 | Encolar | Villager (Male) |
| 6:07 | Construir | Barracks |
| 6:13 | Encolar | Villager (Male) |
| 6:34 | Encolar | Villager (Male) |
| 6:35 | Investigar | Loom |
| 7:08 | Encolar | Villager (Male) |
| 7:24 | Construir | Palisade Wall |
| 7:30 | Construir | Mill |
| 7:55 | Investigar | Feudal Age |
| 9:01 | Construir | Palisade Wall |
| 9:04 | Construir | House |
| 9:10 | Construir | Palisade Wall |
| 9:13 | Encolar | Villager (Male) |
| 9:26 | Construir | Mining Camp |
| 9:31 | Construir | Palisade Wall |
| 9:32 | Construir | Palisade Wall |
| 10:06 | Edad | Edad Feudal |
| 10:07 | Construir | Archery Range |
| 10:08 | Investigar | Double-Bit Axe |
| 10:18 | Encolar | Villager (Male) |
| 10:47 | Encolar | Archer |
| 10:51 | Construir | Farm |
| 10:52 | Construir | Farm |
| 10:53 | Encolar | Villager (Male) |
| 11:11 | Construir | Farm |
| 11:13 | Encolar | Villager (Male) |
| 11:14 | Construir | Outpost |
| 11:21 | Encolar | Archer |
| 11:42 | Encolar | Villager (Male) |
| 11:46 | Encolar | Archer |
| 12:08 | Encolar | Villager (Male) |
| 12:21 | Construir | Blacksmith |
| 12:29 | Encolar | Archer |
| 12:30 | Encolar | Villager (Male) |
| 12:32 | Construir | Palisade Wall |
| 12:43 | Construir | Farm |
| 12:45 | Encolar | Villager (Male) |
| 13:00 | Construir | House |
| 13:05 | Construir | Farm |
| 13:07 | Investigar | Fletching |
| 13:14 | Construir | Farm |
| 13:15 | Encolar | Villager (Male) |
| 13:28 | Construir | Farm |
| 13:31 | Encolar | Archer |
| 13:48 | Encolar | Villager (Male) |
| 13:50 | Construir | Farm |
| 13:58 | Construir | House |
| 14:09 | Encolar | Villager (Male) |
| 14:11 | Construir | Farm |
| 14:29 | Construir | Farm |
| 14:31 | Encolar | Villager (Male) |
| 14:33 | Construir | House |
| 14:53 | Construir | Farm |
| 14:54 | Encolar | Villager (Male) |
| 14:57 | Construir | House |
| 15:27 | Encolar | Villager (Male) |
| 15:34 | Construir | Palisade Wall |
| 15:45 | Construir | Palisade Wall |
| 15:52 | Encolar | Villager (Male) |
| 15:57 | Construir | Farm |
| 15:59 | Construir | Farm |
| 16:13 | Encolar | Archer |
| 16:19 | Encolar | Villager (Male) |
| 16:26 | Construir | Farm |
| 16:27 | Construir | Farm |
| 16:37 | Encolar | Archer |
| 16:43 | Encolar | Villager (Male) |
| 17:11 | Investigar | Castle Age |
| 17:11 | Investigar | Castle Age |
| 17:21 | Encolar | Archer |
| 17:28 | Construir | Stable |
| 17:37 | Investigar | Gold Mining |
| 17:46 | Encolar | Archer |
| 17:56 | Construir | Watch Tower |
| 18:02 | Construir | Stone Wall |
| 18:04 | Construir | Stone Wall |
| 18:06 | Construir | Stone Wall |
| 18:07 | Construir | Stone Wall |
| 18:08 | Construir | Stone Wall |
| 18:40 | Construir | Market |
| 18:52 | Construir | Stone Wall |
| 18:53 | Construir | House |
| 19:12 | Construir | House |
| 19:40 | Encolar | Villager (Male) |
| 19:51 | Edad | Edad de los Castillos |
| 19:52 | Investigar | Crossbowman (upgrade) |
| 19:52 | Investigar | Crossbowman (upgrade) |
| 19:52 | Investigar | Bodkin Arrow |
| 20:14 | Encolar | Villager (Male) |
| 20:41 | Encolar | Archer |
| 20:47 | Construir | Farm |
| 20:48 | Construir | Farm |
| 20:49 | Investigar | Bow Saw |
| 20:49 | Encolar | Villager (Male) |
| 20:49 | Encolar | Villager (Male) |
| 20:56 | Construir | Monastery |
| 21:10 | Construir | Lumber Camp |
| 21:25 | Construir | Mining Camp |
| 21:43 | Encolar | Monk |
| 21:53 | Encolar | Villager (Male) |
| 22:01 | Construir | Outpost |
| 22:14 | Encolar | Villager (Male) |
| 22:17 | Encolar | Monk |
| 22:23 | Construir | House |
| 22:27 | Construir | Farm |
| 22:28 | Construir | Farm |
| 22:44 | Encolar | Villager (Male) |
| 22:46 | Construir | Farm |
| 22:47 | Investigar | Horse Collar |
| 22:51 | Construir | House |
| 22:56 | Construir | Stone Wall |
| 23:00 | Construir | Stone Wall |
| 23:04 | Construir | Stone Wall |
| 23:05 | Construir | Stone Wall |
| 23:07 | Encolar | Villager (Male) |
| 23:17 | Encolar | Monk |
| 23:21 | Encolar | Villager (Male) |
| 23:22 | Construir | Farm |
| 23:23 | Construir | Farm |
| 23:54 | Encolar | Villager (Male) |
| 24:09 | Investigar | Wheelbarrow |
| 24:16 | Construir | Siege Workshop |
| 24:20 | Construir | Outpost |
| 24:21 | Investigar | Town Watch |
| 24:22 | Investigar | Wheelbarrow |
| 24:41 | Encolar | Monk |
| 24:44 | Construir | Town Center |
| 25:08 | Encolar | Mangonel |
| 25:29 | Encolar | Villager (Male) |
| 25:44 | Encolar | Villager (Male) ×2 |
| 25:47 | Construir | Stable |
Build order — 新竹
Primeras 150 de 380 acciones detectadas
| 0:00 | Encolar | Villager (Male) |
| 0:00 | Encolar | Villager (Male) |
| 0:01 | Encolar | Villager (Male) |
| 0:01 | Encolar | Villager (Male) |
| 0:02 | Construir | House |
| 0:04 | Construir | House |
| 1:25 | Encolar | Villager (Male) |
| 1:25 | Encolar | Villager (Male) |
| 1:47 | Construir | Lumber Camp |
| 1:57 | Encolar | Villager (Male) |
| 1:57 | Encolar | Villager (Male) |
| 2:18 | Construir | House |
| 2:27 | Encolar | Villager (Male) |
| 2:27 | Encolar | Villager (Male) |
| 2:48 | Investigar | Loom |
| 2:55 | Encolar | Villager (Male) |
| 3:30 | Encolar | Villager (Male) |
| 3:30 | Encolar | Villager (Male) |
| 3:30 | Encolar | Villager (Male) |
| 4:00 | Encolar | Villager (Male) |
| 4:00 | Encolar | Villager (Male) |
| 4:15 | Construir | Barracks |
| 4:19 | Encolar | Villager (Male) |
| 4:19 | Encolar | Villager (Male) |
| 4:30 | Construir | Barracks |
| 4:43 | Encolar | Villager (Male) |
| 4:43 | Encolar | Villager (Male) |
| 5:13 | Encolar | Villager (Male) |
| 5:16 | Construir | House |
| 5:31 | Encolar | Militia |
| 5:31 | Encolar | Militia |
| 5:34 | Construir | Palisade Wall |
| 5:35 | Construir | Palisade Wall |
| 5:37 | Construir | Palisade Wall |
| 5:47 | Encolar | Villager (Male) |
| 5:47 | Encolar | Villager (Male) |
| 6:01 | Encolar | Militia |
| 6:01 | Encolar | Militia |
| 6:15 | Encolar | Villager (Male) |
| 6:35 | Encolar | Militia |
| 6:53 | Encolar | Villager (Male) |
| 6:53 | Encolar | Villager (Male) |
| 6:54 | Construir | Mill |
| 7:16 | Encolar | Militia |
| 7:20 | Encolar | Villager (Male) |
| 7:20 | Encolar | Villager (Male) |
| 7:22 | Encolar | Villager (Male) |
| 7:22 | Encolar | Villager (Male) |
| 7:22 | Encolar | Villager (Male) |
| 7:32 | Construir | Mining Camp |
| 7:53 | Construir | House |
| 8:08 | Encolar | Militia |
| 8:08 | Encolar | Militia |
| 8:23 | Encolar | Militia |
| 8:53 | Encolar | Militia |
| 9:04 | Encolar | Villager (Male) |
| 9:04 | Encolar | Villager (Male) |
| 9:04 | Encolar | Villager (Male) |
| 9:08 | Construir | House |
| 9:11 | Construir | House |
| 9:29 | Encolar | Villager (Male) |
| 9:42 | Encolar | Villager (Male) |
| 9:43 | Encolar | Villager (Male) |
| 9:43 | Encolar | Villager (Male) |
| 9:45 | Construir | Mill |
| 10:49 | Encolar | Villager (Male) |
| 11:02 | Construir | Farm |
| 11:17 | Encolar | Villager (Male) |
| 11:22 | Construir | Farm |
| 11:46 | Investigar | Feudal Age |
| 11:46 | Investigar | Feudal Age |
| 11:52 | Construir | House |
| 11:54 | Construir | House |
| 12:54 | Construir | House |
| 12:57 | Construir | Palisade Wall |
| 12:58 | Construir | Palisade Wall |
| 13:55 | Edad | Edad Feudal |
| 13:58 | Construir | House |
| 14:00 | Construir | Palisade Wall |
| 14:04 | Construir | Archery Range |
| 14:08 | Construir | Blacksmith |
| 14:11 | Investigar | Double-Bit Axe |
| 14:11 | Investigar | Double-Bit Axe |
| 14:12 | Investigar | Man-at-Arms (upgrade) |
| 14:12 | Investigar | Man-at-Arms (upgrade) |
| 14:13 | Encolar | Villager (Male) |
| 14:16 | Construir | House |
| 14:26 | Encolar | Villager (Male) |
| 14:40 | Encolar | Skirmisher |
| 14:40 | Encolar | Skirmisher |
| 14:46 | Investigar | Fletching |
| 14:46 | Investigar | Fletching |
| 14:47 | Investigar | Fletching |
| 14:59 | Construir | Mining Camp |
| 15:08 | Construir | House |
| 15:18 | Encolar | Skirmisher |
| 15:28 | Encolar | Villager (Male) |
| 15:29 | Encolar | Villager (Male) |
| 15:29 | Encolar | Villager (Male) |
| 15:29 | Encolar | Villager (Male) |
| 15:39 | Construir | Farm |
| 15:47 | Encolar | Skirmisher |
| 15:59 | Construir | Farm |
| 16:05 | Encolar | Skirmisher |
| 16:05 | Encolar | Skirmisher |
| 16:05 | Encolar | Skirmisher |
| 16:57 | Encolar | Skirmisher |
| 16:57 | Encolar | Skirmisher |
| 17:35 | Encolar | Skirmisher |
| 17:35 | Encolar | Skirmisher |
| 17:38 | Investigar | Padded Archer Armor |
| 17:38 | Investigar | Padded Archer Armor |
| 17:45 | Construir | Watch Tower |
| 17:52 | Encolar | Villager (Male) |
| 17:52 | Encolar | Villager (Male) |
| 17:53 | Encolar | Villager (Male) |
| 18:00 | Construir | Farm |
| 18:01 | Construir | Farm |
| 18:02 | Construir | Farm |
| 18:06 | Encolar | Villager (Male) |
| 18:06 | Encolar | Villager (Male) |
| 18:06 | Encolar | Villager (Male) |
| 18:41 | Encolar | Villager (Male) |
| 18:41 | Encolar | Villager (Male) |
| 18:46 | Construir | Watch Tower |
| 19:23 | Encolar | Militia |
| 19:23 | Encolar | Militia |
| 19:23 | Encolar | Militia |
| 19:31 | Construir | Watch Tower |
| 19:43 | Encolar | Villager (Male) |
| 19:43 | Encolar | Villager (Male) |
| 19:43 | Encolar | Villager (Male) |
| 19:50 | Construir | Farm |
| 19:51 | Construir | Farm |
| 19:52 | Construir | Farm |
| 20:30 | Encolar | Skirmisher |
| 20:50 | Encolar | Skirmisher |
| 20:50 | Encolar | Skirmisher |
| 21:06 | Encolar | Villager (Male) |
| 21:06 | Encolar | Villager (Male) |
| 21:06 | Encolar | Villager (Male) |
| 21:10 | Construir | Watch Tower |
| 21:11 | Encolar | Villager (Male) |
| 21:24 | Encolar | Villager (Male) |
| 21:24 | Encolar | Villager (Male) |
| 21:24 | Encolar | Villager (Male) |
| 21:25 | Encolar | Villager (Male) |
| 21:31 | Construir | Watch Tower |
| 21:34 | Construir | Lumber Camp |
| 21:35 | Encolar | Villager (Male) |
Cronología de la partida
| 4:15 | 新竹 · first_building Barracks |
| 5:19 | vuppE · wall_segment Palisade Wall x2 |
| 5:34 | 新竹 · wall_segment Palisade Wall x2 |
| 5:35 | 新竹 · wall_segment Palisade Wall x3 |
| 5:37 | 新竹 · wall_segment Palisade Wall x2 |
| 6:07 | vuppE · first_building Barracks |
| 7:24 | vuppE · wall_segment Palisade Wall x1 |
| 9:01 | vuppE · wall_segment Palisade Wall x1 |
| 9:10 | vuppE · wall_segment Palisade Wall x1 |
| 9:31 | vuppE · wall_segment Palisade Wall x1 |
| 9:32 | vuppE · wall_segment Palisade Wall x1 |
| 10:06 | vuppE · age_up feudal |
| 10:07 | vuppE · first_building Archery Range |
| 12:32 | vuppE · wall_segment Palisade Wall x1 |
| 12:57 | 新竹 · wall_segment Palisade Wall x1 |
| 12:58 | 新竹 · wall_segment Palisade Wall x1 |
| 13:55 | 新竹 · age_up feudal |
| 14:00 | 新竹 · wall_segment Palisade Wall x1 |
| 14:04 | 新竹 · first_building Archery Range |
| 15:34 | vuppE · wall_segment Palisade Wall x5 |
| 15:45 | vuppE · wall_segment Palisade Wall x10 |
| 17:28 | vuppE · first_building Stable |
| 18:02 | vuppE · wall_segment Stone Wall x1 |
| 18:04 | vuppE · wall_segment Stone Wall x1 |
| 18:06 | vuppE · wall_segment Stone Wall x1 |
| 18:07 | vuppE · wall_segment Stone Wall x1 |
| 18:08 | vuppE · wall_segment Stone Wall x1 |
| 18:52 | vuppE · wall_segment Stone Wall x1 |
| 19:41 | vuppE · first_market_sell 100 food |
| 19:51 | vuppE · age_up castle |
| 20:56 | vuppE · first_building Monastery |
| 22:56 | vuppE · wall_segment Stone Wall x1 |
| 23:00 | vuppE · wall_segment Stone Wall x1 |
| 23:04 | vuppE · wall_segment Stone Wall x1 |
| 23:05 | vuppE · wall_segment Stone Wall x1 |
| 24:16 | vuppE · first_building Siege Workshop |
| 25:24 | 新竹 · first_market_buy 100 stone |
| 25:53 | 新竹 · first_market_sell 100 wood |
| 26:46 | 新竹 · first_building Stable |
| 28:48 | 新竹 · age_up castle |
| 29:30 | vuppE · first_market_buy 100 food |
| 29:53 | vuppE · wall_segment Stone Wall x1 |
| 30:23 | vuppE · wall_segment Palisade Wall x1 |
| 30:32 | vuppE · wall_segment Palisade Wall x1 |
| 30:33 | vuppE · wall_segment Palisade Wall x1 |
| 31:23 | 新竹 · first_building Monastery |
| 32:19 | vuppE · wall_segment Stone Wall x1 |
| 33:35 | vuppE · wall_segment Palisade Wall x1 |
| 36:06 | vuppE · first_building Castle |
| 38:47 | vuppE · wall_segment Palisade Wall x1 |
| 38:47 | vuppE · wall_segment Palisade Wall x1 |
| 38:48 | vuppE · wall_segment Palisade Wall x1 |
| 39:40 | 新竹 · first_building Castle |
| 40:37 | vuppE · age_up imperial |
| 42:35 | vuppE · wall_segment Stone Wall x6 |
| 43:10 | 新竹 · resign |
[ ANÁLISIS IA · 1 CRÉDITO ]
¿Qué pasó realmente en esta partida?
Wolo.gg analiza cada decisión: build order, eco, micro, errores típicos por bracket. Análisis personalizado por WhatsApp o Discord en 30 segundos.
Guía civ
Vietnamitas
Perfil
vuppE